 Dungeon Crawl Stone Soup version 0.31.0-4-g52a2dc7128 (webtiles) character file.

Game seed: 8803015916938707207

18 Arctor the Vexing (level 2, 0/16 HPs)
             Began as a Kobold Hexslinger on Jan 23, 2024.
             Slain by a ribbon worm (6 damage)
             ... on level 2 of the Dungeon.
             The game lasted 00:00:26 (841 turns).

Arctor the Vexing (Kobold Hexslinger)                Turns: 841, Time: 00:00:27

Health: 0/16       AC:  4    Str:  5    XL:     2   Next: 90%
Magic:  4/4        EV: 15    Int: 14    God:
Gold:   43         SH:  0    Dex: 17    Spells: 3/3 levels left

rFire   . . .        a - +1 sling
rCold   . . .        (no shield)
rNeg    . . .        c - +0 robe
rPois   .            h - +0 helmet
rElec   .            (no cloak)
rCorr   .            g - +0 pair of gloves
SInv    .            (no boots)
Will    .....        (no amulet)
Stlth   +++          (no ring)
HPRegen 0.22/turn    (no ring)
MPRegen 0.09/turn

%: no passive effects
@: no status effects
A: small, no large weapons, nightstalker 3
a: no special abilities


You were on level 2 of the Dungeon.
You visited 1 branch of the dungeon, and saw 2 of its levels.

You collected 43 gold pieces.

Inventory:

Hand Weapons
 a - a +1 sling (weapon)
Armour
 c - a +0 robe (worn)
 g - a +0 pair of gloves (worn)
 h - a +0 helmet (worn)
Scrolls
 b - a scroll of poison
 d - a scroll of noise {unknown}
 e - 3 scrolls of teleportation {unknown}
 f - a scroll of identify {unknown}
 i - a scroll of blinking {unknown}


   Skills:
 + Level 1.4 Fighting
 + Level 3.0 Ranged Weapons
 + Level 2.7 Dodging
 + Level 1.4 Spellcasting
 + Level 3.1 Hexes
 + Level 1.3 Fire Magic


You had 3 spell levels left.
You didn't know any spells.
Your spell library contained the following spells:

 Spells                   Type           Power      Damage    Failure   Level
 Jinxbite                 Hex            18%        N/A       11%         2
 Sigil of Binding         Hex            9%         N/A       21%         3
 Inner Flame              Hex/Fire       7%         N/A       30%         3
 Cause Fear               Hex            4%         N/A       56%         4
 Dimensional Bullseye     Hex/Tloc       2%         N/A       78%         4


Dungeon Overview and Level Annotations

Branches:
Dungeon (2/15)

Altars:


Innate Abilities, Weirdness & Mutations

You are small and have problems with some larger weapons.
You are completely attuned to the shadows.


Message History

The ribbon worm completely misses you.
A ribbon worm is nearby!
You shoot a sling bullet. The sling bullet hits the ribbon worm.
The ribbon worm is moderately wounded.
The ribbon worm barely misses you.
A ribbon worm is nearby!
You shoot a sling bullet.
The sling bullet barely misses the ribbon worm.
The ribbon worm expels a string of sticky webbing.
The stream of webbing hits you but does no damage.
You are caught in a web!
A ribbon worm is nearby!
You are caught in a web!
A ribbon worm is nearby!
You are caught in a web!
A ribbon worm is nearby!
You are caught in a web!
You are caught in a web!
Unknown command.
The web tears apart.
The ribbon worm closely misses you.
You shoot a sling bullet.
The sling bullet barely misses the ribbon worm.
The ribbon worm closely misses you.
You shoot a sling bullet. The sling bullet hits the ribbon worm.
The ribbon worm is moderately wounded.
The ribbon worm expels a string of sticky webbing.
The stream of webbing hits you but does no damage.
You are caught in a web!
You don't know any spells.
Sorry, you're not good enough to have a special ability.
You struggle to detach yourself from the web.
The ribbon worm bites you.
The web tears apart.
You shoot a sling bullet.
The sling bullet barely misses the ribbon worm.
The ribbon worm bites you!
You shoot a sling bullet.
The sling bullet barely misses the ribbon worm.
The ribbon worm bites you.
You die...

### .. . .# #.
##w##
#.####@†.# .#.#
#......#...
....
..#.##...#. #
#.##.###.##....
#.#...##
##.####.
#..<.†.###..#
.....#...#.#.#
..........##.#
.###.#.†.###.#


You could see a ribbon worm (catching breath).

Vanquished Creatures
  A ribbon worm (D:2)
  2 ball pythons
  2 bats
  4 giant cockroaches (D:1)
  2 hobgoblins (D:2)
  A kobold (D:1)
  A rat (D:1)
13 creatures vanquished.

Notes
Turn   | Place    | Note
-------+----------+-------------------------------------------
     0 | D:1      | Arctor the Kobold Hexslinger began the quest for the Orb.
     0 | D:1      | Reached XP level 1. HP: 12/12 MP: 2/2
   414 | D:1      | Reached XP level 2. HP: 16/16 MP: 3/3
   841 | D:2      | Slain by a ribbon worm

Illustrated notes

Levels and vault maps discovered:
D:1:      reono_arrival_forest_river, layout_basic
D:2:      layout_loops_ring, hellmonk_ecumenical_altar_run_dry, minmay_circled_x

Skill      XL: |  1  2 |
---------------+-------+-----
Ranged Weapons | 3 |  3.0
Fighting       | |  1.4
Dodging        | |  2.7
Spellcasting   | |  1.4
Hexes          | |  3.1
Fire Magic     | |  1.3

Action                     || total
---------------------------++-------
   Fire: Sling             ||    40
 Armour: Robe              ||     8
  Dodge: Dodged            ||    14
